 Dungeon Crawl Stone Soup version 0.20.0-8-g6b59dc7 (webtiles) character file.

322 RKaid the Digger (level 6, -1/36 HPs)
             Began as an Octopode Earth Elementalist on June 1, 2017.
             Succumbed to a worker ant's poison
             ... on level 4 of the Dungeon.
             The game lasted 00:14:13 (5620 turns).

RKaid the Digger (Octopode Earth Elementalist)      Turns: 5620, Time: 00:14:13

Health: -1/36      AC:  1    Str:  8    XL:     6   Next: 47%
Magic:  6/10       EV: 13    Int: 22    God:
Gold:   204        SH:  0    Dex: 12    Spells: 5/11 levels left

rFire    . . .     SeeInvis .   a - +0 hand axe
rCold    . . .     Gourm    .   (no shield)
rNeg     . . .     Faith    .   k - +0 hat {MR+}
rPois    .         Spirit   .   (no amulet)
rElec    .         Reflect  .   s - ring of resist corrosion
rCorr    +         Harm     .   n - ring of protection from magic {MR+}
MR       ++...                  v - +3 ring of intelligence
Stlth    +++.......             (no ring)
Regen    0.2/turn               (no ring)
MPRegen  0.2/turn               (no ring)
                                (no ring)
                                (no ring)

@: lethally poisoned (-1 -> -28)
A: almost no armour, stealthy swim, amphibious, 8 rings, constrict 8, camouflage
1, gelatinous body 1
a: no special abilities


You were on level 4 of the Dungeon.
You were not hungry.

You visited 1 branch of the dungeon, and saw 4 of its levels.

You collected 204 gold pieces.

Inventory:

Hand Weapons
 a - a +0 hand axe (weapon)
   (You found it on level 2 of the Dungeon)
 b - a +0 hunting sling
   (You found it on level 2 of the Dungeon)
 j - a +0 dagger
   (You took it off a goblin on level 1 of the Dungeon)
 y - a +0 blowgun
   (You took it off a kobold on level 3 of the Dungeon)
Missiles
 g - 30 sling bullets
 p - 48 stones (quivered)
 w - a throwing net {=f}
 C - 29 poisoned needles
Armour
 k - a +0 hat of magic resistance (worn)
   (You found it on level 4 of the Dungeon)
Jewellery
 n - a ring of protection from magic (right tentacle) {MR+}
   (You found it on level 1 of the Dungeon)
 s - a ring of resist corrosion (left tentacle)
   (You found it on level 1 of the Dungeon)
 v - a +3 ring of intelligence (on tentacle)
   (You found it on level 2 of the Dungeon)
Wands
 u - a wand of disintegration (12/24)
   (You found it on level 3 of the Dungeon)
 A - a wand of acid (11/15)
   (You found it on level 4 of the Dungeon)
Scrolls
 i - 5 scrolls of identify
 o - 3 scrolls of remove curse
Potions
 h - a potion of agility {unknown}
 m - a potion of flight {unknown}
 q - 3 potions of curing {unknown}
 r - 3 potions of heal wounds {unknown}
 t - a potion of haste {unknown}
 x - a potion of might {unknown}
 z - a potion of degeneration {unknown}
Books
 d - a book of Geomancy
Comestibles
 c - 4 bread rations
 l - 2 meat rations


   Skills:
 - Level 2.0 Dodging
 - Level 3.5 Stealth
 + Level 3.1 Spellcasting
 + Level 3.2 Conjurations
 - Level 1.0 Transmutations
 + Level 5.1 Earth Magic


You had 5 spell levels left.
You knew the following spells:

 Your Spells              Type           Power        Failure   Level  Hunger
a - Sandblast             Erth           ####..       1%          1    None
b - Stone Arrow           Conj/Erth      ###...       6%          3    ###....
A - Passwall              Tmut/Erth      ###.......   5%          2    ##.....


Dungeon Overview and Level Annotations

Branches:
Dungeon (4/15)
 Temple: D:4-7

Altars:
Gozag

Annotations:
D:4 exclusion: Sigmund, Chiseanne's ghost, novice DsWz; Sigmund


Innate Abilities, Weirdness & Mutations

You cannot wear most types of armour.
You are very stealthy in the water. (Stealth+)
You are amphibious.
You can wear up to eight rings at the same time.
You can use your tentacles to constrict eight enemies at once.
Your skin changes colour to match your surroundings (Stealth+).
Your rubbery body absorbs attacks. (AC +1, EV +1)


Message History

The scorpion closely misses you. The scorpion stings you!
You are poisoned.
The scorpion poisons you!
Casting: Sandblast
Confirm with . or Enter, or press ? or * to list all spells.
Aiming: Stone Arrow
Press: ? - help, Shift-Dir - straight line, f/p - scorpion
Aim: a scorpion (constricted by you)
The stone arrow hits the scorpion.
You constrict the scorpion, but do no damage.
You feel sick. The scorpion stings you.
You release your grip on the scorpion.
You feel sick.
There is a stone staircase leading up here.
Casting: Stone Arrow
Confirm with . or Enter, or press ? or * to list all spells.
Aiming: Sandblast
Press: ? - help, Shift-Dir - straight line, f/p - scorpion
Aim: a scorpion (moderately wounded)
The blast of sand hits the scorpion.
p - 50 stones The scorpion misses you.
Casting: Sandblast
Confirm with . or Enter, or press ? or * to list all spells.
Aiming: Sandblast
Press: ? - help, Shift-Dir - straight line, f/p - scorpion
Aim: a scorpion (heavily wounded)
The blast of sand hits the scorpion.
You kill the scorpion!
p - 49 stones You feel sick.
The ball python closely misses you. x2
Casting: Sandblast
Confirm with . or Enter, or press ? or * to list all spells.
Aiming: Sandblast
Press: ? - help, Shift-Dir - straight line, f - ball python
Aim: a ball python The blast of sand hits the ball python.
You kill the ball python!
p - 48 stones You start resting.
You feel sick. x7
You are no longer poisoned.
You start resting.
A killer bee comes into view.
A killer bee is nearby!
The killer bee moves out of view.
You climb upwards.
There is a stone staircase leading down here.
You start resting.
You climb downwards.
Level annotation: exclusion: Sigmund, Chiseanne's ghost, novice DsWz; Sigmund
There is a stone staircase leading up here.
There is a stone staircase leading up here.
You see here a scorpion corpse.
A worker ant comes into view.
As you read the scroll labeled XEVAGU VEJE, it crumbles to dust.
You hear a loud clanging noise!
It was a scroll of noise.
The worker ant twitches its antennae in your direction.
You hear an angry buzzing noise. x4; You hear a shout! x2
As you read the scroll labeled XOHONE ZUUMOUWN, it crumbles to dust.
You smell mustard.
It was a scroll of random uselessness.
The worker ant closely misses you.
A killer bee comes into view.
A killer bee comes into view.
The killer bee stings you.
You are poisoned.
The killer bee poisons you! The killer bee closely misses you.
You see here a scorpion corpse.
The killer bee buzzes angrily.
You hit the worker ant. You grab the worker ant. You hit the killer bee.
You constrict the worker ant, but do no damage.
You feel sick.
You hear an angry buzzing noise. x2
The killer bee misses you. The worker ant barely misses you.
The killer bee closely misses you. The worker ant bites you.
Okay, then.
Casting: Sandblast
Confirm with . or Enter, or press ? or * to list all spells.
Which direction?
This rock feels extremely deep.
You constrict the worker ant. The killer bee barely misses you.
The worker ant bites you.
You are more poisoned.
The worker ant poisons you! The killer bee closely misses you.
Casting: Passwall
Confirm with . or Enter, or press ? or * to list all spells.
Which direction?
You constrict the worker ant, but do no damage.
You feel sick. The killer bee completely misses you.
The worker ant closely misses you. The killer bee stings you.
You begin to meditate on the wall.
You continue meditating on the rock.
You constrict the worker ant.
You feel sick. The killer bee stings you.
You are more poisoned.
The killer bee poisons you! The worker ant bites you.
* * * LOW HITPOINT WARNING * * *
The killer bee barely misses you. The worker ant bites you.
* * * LOW HITPOINT WARNING * * *
You are more poisoned.
The worker ant poisons you!
You continue meditating on the rock.
You constrict the worker ant, but do no damage.
You die...

...##
##.##..##...ยง.###....
.#..#
#..#...#######......
#.#..# ##.
..............#. #
##..
#####.............###
#.# .....#..#####..###
######.y...#### ##. ..
........yyy...... ##
..#.....###y######.
#.#.# #@#
##...#######a#
............#
#.#.#.#.#..#
#..........#
#.#<#.#.#..#
#...=.......
.......#.#.#.#...
....##........#...


You could see a worker ant and 5 killer bees.

Vanquished Creatures
  A scorpion (D:4)
  A crimson imp (D:4)
  A hound (D:3)
  An orc wizard (D:3)
  An iguana (D:4)
  Terence (D:3)
  2 adders
  A white imp (D:4)
  An ooze (D:3)
  3 worms
  A dart slug (D:1)
  3 leopard geckos
  10 orcs (D:3)
  2 ball pythons
  5 giant cockroaches
  9 goblins
  4 hobgoblins
  4 jackals (D:1)
  A quokka (D:3)
  5 bats
  6 frilled lizards
  4 kobolds
  A quokka skeleton (D:4)
  11 rats
79 creatures vanquished.

Notes
Turn   | Place    | Note
-------+----------+-------------------------------------------
     0 | D:1      | RKaid the Octopode Earth Elementalist began the quest for the Orb.
     0 | D:1      | Reached XP level 1. HP: 11/11 MP: 3/3
   395 | D:1      | Reached XP level 2. HP: 17/17 MP: 0/5
   525 | D:1      | Reached skill level 3 in Stealth
   922 | D:1      | Reached XP level 3. HP: 17/21 MP: 6/6
   968 | D:1      | Learned a level 2 spell: Passwall
   972 | D:1      | Learned a level 3 spell: Stone Arrow
  1239 | D:2      | Found an opulent altar of Gozag.
  2032 | D:2      | Reached skill level 4 in Earth Magic
  2032 | D:2      | Reached XP level 4. HP: 15/27 MP: 7/7
  2262 | D:3      | Reached skill level 1 in Conjurations
  2312 | D:3      | Noticed Terence
  3004 | D:3      | Reached XP level 5. HP: 13/31 MP: 4/9
  3006 | D:3      | Reached skill level 2 in Conjurations
  4219 | D:3      | Killed Terence
  4360 | D:4      | Noticed Chiseanne's ghost (novice DsWz)
  5082 | D:4      | Noticed Sigmund
  5124 | D:4      | Noticed an ogre
  5154 | D:3      | Reached XP level 6. HP: 30/36 MP: 10/10
  5247 | D:4      | Reached skill level 3 in Spellcasting
  5247 | D:4      | Reached skill level 3 in Conjurations
  5247 | D:4      | Reached skill level 5 in Earth Magic
  5619 | D:4      | HP: 7/36 [worker ant (4)]
  5619 | D:4      | HP: 1/36 [worker ant (6)]
  5620 | D:4      | Succumbed to a worker ant's poison

Skill      XL: |  1  2  3  4  5  6 |
---------------+-------------------+-----
Stealth        | 3 |  3.5
Earth Magic    | 4 5 |  5.1
Conjurations   | 1 2 3 |  3.2
Spellcasting   | 3 |  3.1
Dodging        | |  2.0
Transmutations | |  1.0

Action                   |  1- 3 |  4- 6 || total
-------------------------+-------+-------++-------
Melee: Unarmed           |     8 |       ||     8
       Tentacles         |    10 |    10 ||    20
       Constrict         |    11 |    24 ||    35
       Dagger            |    32 |       ||    32
       Hand axe          |    17 |    89 ||   106
 Cast: Sandblast         |    33 |    41 ||    74
       Stone Arrow       |     2 |     4 ||     6
       Passwall          |       |     2 ||     2
  Use: Scroll            |       |     7 ||     7
 Stab: Sleeping          |     3 |     4 ||     7
  Eat: Chunk             |     4 |     6 ||    10
       Meat ration       |       |     1 ||     1
       Royal jelly       |       |     1 ||     1
Armor: Skin              |     8 |     4 ||    12
Dodge: Dodged            |    54 |    76 ||   130

Table legend:
 A = Turns spent in this place as a percentage of turns spent in the entire game.
 B = Non-inter-level travel turns spent in this place as a percentage of non-inter-level travel turns spent in the entire game.
 C = Inter-level travel turns spent in this place as a percentage of turns spent in this place.
 D = Turns resting spent in this place as a percentage of non-inter-level travel turns spent in this place.
 E = Turns spent auto-exploring this place as a percentage of non-inter-level travel turns spent in this place.
 F = Non-inter-level travel turns spent in this place divided by the number of levels of this place that you've seen.
                   A       B       C       D       E      F
               +-------+-------+-------+-------+-------+----------------------
         Total | 100.0 | 100.0 |   0.4 |   6.3 |   5.3 | 309.2
       Dungeon | 100.0 | 100.0 |   0.4 |   6.3 |   5.3 | 309.2
               +-------+-------+-------+-------+-------+----------------------

Table legend:
 A = Kills in this place as a percentage of kills in entire the game.
 B = Kills by you in this place as a percentage of kills by you in the entire game.
 C = Kills by friends in this place as a percentage of kills by friends in the entire game.
 D = Other kills in this place as a percentage of other kills in the entire game.
 E = Experience gained in this place as a percentage of experience gained in the entire game.
 F = Experience gained in this place divided by the number of levels of this place that you have seen.
                   A       B       C       D       E      F
               +-------+-------+-------+-------+-------+----------------------
         Total | 100.0 | 100.0 |  -nan |  -nan | 100.0 | 115.0
       Dungeon | 100.0 | 100.0 |  -nan |  -nan | 100.0 | 115.0
               +-------+-------+-------+-------+-------+----------------------
